 Dungeon Crawl Stone Soup version 0.18.1-48-g4cf74bf (webtiles) character file.

3621 CountDeLaPain the Blocker (level 9, -4/81 HPs)
             Began as a Minotaur Fighter on July 31, 2016.
             Slain by an orc warrior
             ... wielding a +0 halberd
              (8 damage)
             ... on level 7 of the Dungeon.
             The game lasted 00:25:29 (8978 turns).

CountDeLaPain the Blocker (Minotaur Fighter)        Turns: 8978, Time: 00:25:30

Health: -4/81      AC: 10    Str: 21    XL:     9   Next: 86%
Magic:  8/8        EV: 11    Int:  8    God:
Gold:   405        SH: 11    Dex: 10    Spells: 0 memorised, 8 levels left

rFire  + . .     SeeInvis .     a - +0 war axe
rCold  + . .     Gourm    .     K - +1 scale mail {rF+}
rNeg   . . .     Faith    .     c - +0 shield
rPois  .         Spirit   .     (helmet restricted)
rElec  .         Dismiss  .     N - +0 cloak
rCorr  +         Reflect  .     (no gloves)
SustAt .         Harm     .     (no boots)
MR     .....                    (no amulet)
Stlth  ..........               I - ring of protection from cold
                                x - ring of resist corrosion

@: not resistant to hostile enchantments, extremely unstealthy
A: retaliatory headbutt, horns 2
a: no special abilities


You were on level 7 of the Dungeon.
You were not hungry.

You visited 2 branches of the dungeon, and saw 8 of its levels.
You also visited: Ossuary.

You collected 405 gold pieces.

Inventory:

Hand Weapons
 a - a +0 war axe (weapon)
 s - a +0 trident
 O - a +3 spear
Armour
 b - a +0 scale mail
 c - a +0 shield (worn)
 p - a +0 chain mail
 K - a +1 scale mail of fire resistance (worn)
 N - a +0 cloak (worn)
Jewellery
 x - a ring of resist corrosion (left hand)
 I - a ring of protection from cold (right hand)
Wands
 y - a wand of random effects (26/48)
 B - a wand of polymorph (1/24)
 M - a wand of hasting (3/9)
Scrolls
 e - 2 scrolls of enchant weapon {unknown}
 g - 4 scrolls of remove curse
 h - a scroll of enchant armour {unknown}
 l - 3 scrolls of fog
 m - 6 scrolls of identify
 o - a scroll of recharging
 C - 2 scrolls of noise {unknown}
 D - 4 scrolls of teleportation
 F - a scroll of vulnerability {unknown}
 G - a scroll of amnesia {unknown}
 J - a scroll of holy word {unknown}
Potions
 d - a potion of might
 j - 2 potions of agility
 n - 5 potions of lignification
 q - 5 potions of heal wounds
 r - a potion of ambrosia {unknown}
 t - 2 potions of degeneration {unknown}
 v - a potion of cancellation {unknown}
 w - a potion of berserk rage {unknown}
 A - 2 potions of flight
 E - a potion of invisibility {unknown}
 H - 2 potions of curing
Books
 L - a book of Changes

   Spells                             Type                      Level
   a - Beastly Appendage              Transmutation                1
   b - Sticks to Snakes               Transmutation                2
   c - Spider Form                    Transmutation/Poison         3
   d - Ice Form                       Ice/Transmutation            4
   e - Blade Hands                    Transmutation                5
Comestibles
 f - 7 bread rations
 i - 7 beef jerkies
 k - 6 meat rations
 u - 2 fruits
 z - a slice of pizza


   Skills:
 + Level 7.8 Fighting
 + Level 8.6 Axes
 + Level 8.6 Armour
 + Level 5.4 Dodging
 + Level 9.3 Shields


You had 8 spell levels left.
You didn't know any spells.

Dungeon Overview and Level Annotations

Branches:
Dungeon (7/15)             Temple (1/1) D:7

Altars:
Ashenzari
Cheibriados
Dithmenos
Elyvilon
Fedhas
Gozag
Makhleb
Nemelex Xobeh
Pakellas
Qazlal
Ru
Sif Muna
Trog
Vehumet
Xom
Yredelemnul
Zin
The Shining One


Innate Abilities, Weirdness & Mutations

You reflexively headbutt those who attack you in melee.
You have a pair of horns on your head.


Message History

You block the orc warrior's attack.
The orc wizard gestures wildly while chanting.
The orc wizard blinks!
The orc wizard casts a spell.
The orc wizard blinks!
The orc misses you. You furiously retaliate!
You headbutt the orc.
You hit the orc warrior but do no damage.
You slash the orc!
You kill the orc!
The orc wizard points at you and mumbles some strange words.
You easily resist.
The orc warrior hits you with a halberd!
The orc wizard casts a spell.
The orc wizard blinks!
You hit the orc warrior.
The orc warrior is moderately wounded.
The orc warrior hits you with a halberd!!
* * * LOW HITPOINT WARNING * * *
The orc warrior hits you with a halberd!
You die...

#....## #(....##
#......# #......#
#......# #......#
#.....o### #.....o..#
##### #....##@)#
#####...#
#######..#######.......#
#...<.[................#
#######....#####.....###
#..#.## #.._..# #..#..#
#.....# #..##.# #.....#
#######..##.# ##.##.#
#........##.# #.....#


You could see an orc warrior and an orc wizard.

Vanquished Creatures
  The ghost of CatHerder the Ducker, a novice NaWr (D:5)
  Prince Ribbit (D:7)
  Sigmund (D:3)
  Eustachio (D:6)
  A sky beast (D:6)
  2 ice beasts (D:6)
  A wasp (D:6)
  4 ogres
  2 centaurs
  Blork the orc (D:5)
  4 giant frogs (D:6)
  A water moccasin zombie (D:6)
  5 scorpions
  The ghost of flamingokevin the Skirmisher, a weakling HuBe of Trog (D:3)
  8 bog bodies (Ossuary)
  2 giant frog zombies (Ossuary)
  A crimson imp (D:5)
  A jelly (D:5)
  A gnoll shaman (D:6)
  6 orc priests
  2 hounds
  2 orc wizards
  2 iguanas
  3 worker ants
  2 killer bee zombies
  3 hound zombies (Ossuary)
  5 mummies (Ossuary)
  2 worker ant zombies (Ossuary)
  Robin (D:3)
  A gnoll (D:6)
  A howler monkey zombie (Ossuary)
  5 adders
  2 shadow imps
  3 oozes
  4 adder zombies
  An adder skeleton (D:4)
  2 worms (D:5)
  A dart slug (D:1)
  4 giant geckos
  22 orcs
  2 giant cockroaches
  13 goblins
  14 hobgoblins
  8 jackals
  4 kobolds
  5 quokkas
  A ball python (D:7)
  3 bats (D:1)
  A giant cockroach zombie (Ossuary)
  3 giant newts
  2 gnoll zombies (D:5)
  7 rats
176 creatures vanquished.

Vanquished Creatures (others)
  6 withered plants (Ossuary)
6 creatures vanquished.

Grand Total: 182 creatures vanquished

Notes
Turn   | Place    | Note
--------------------------------------------------------------
     0 | D:1      | CountDeLaPain the Minotaur Fighter began the quest for the Orb.
     0 | D:1      | Reached XP level 1. HP: 19/19 MP: 0/0
     1 | D:1      | Noticed a minotaur zombie
     5 | D:1      | Noticed a merfolk zombie
    12 | D:1      | Noticed a minotaur zombie
   235 | D:1      | Reached XP level 2. HP: 27/27 MP: 1/1
   396 | D:1      | Reached skill level 4 in Shields
   514 | D:1      | Reached XP level 3. HP: 33/33 MP: 2/2
   797 | D:2      | Found a shadowy altar of Dithmenos.
  1765 | D:3      | Noticed flamingokevin's ghost (weakling HuBe)
  1944 | D:3      | Noticed Robin
  1947 | D:3      | Reached XP level 4. HP: 36/40 MP: 3/3
  1995 | D:3      | Reached skill level 1 in Dodging
  2004 | D:3      | Killed Robin
  2250 | D:3      | Killed flamingokevin's ghost
  2250 | D:3      | Reached XP level 5. HP: 29/47 MP: 4/4
  2618 | D:3      | Noticed Sigmund
  2619 | D:3      | Found an opulent altar of Gozag.
  2742 | D:4      | Noticed an ogre
  2750 | D:4      | Killed an ogre
  2750 | D:4      | Reached skill level 5 in Armour
  2752 | D:4      | Reached skill level 5 in Shields
  2900 | D:4      | Reached XP level 6. HP: 26/55 MP: 5/5
  3254 | D:4      | Reached skill level 5 in Fighting
  3945 | D:3      | Killed Sigmund
  3945 | D:3      | Reached XP level 7. HP: 61/61 MP: 6/6
  4205 | D:5      | Entered Level 5 of the Dungeon
  4241 | D:5      | Reached skill level 5 in Axes
  4324 | D:5      | Reached skill level 6 in Shields
  4347 | D:5      | Noticed Blork the orc
  4400 | D:5      | Killed Blork the orc
  4523 | D:5      | Noticed CatHerder's ghost (novice NaWr)
  4579 | D:5      | Found a sand-covered staircase.
  4585 | Ossuary  | Entered an ossuary
  4717 | Ossuary  | Reached XP level 8. HP: 24/70 MP: 7/7
  5330 | Ossuary  | Reached skill level 7 in Shields
  6236 | D:6      | Reached XP level 9. HP: 74/78 MP: 8/8
  6241 | D:6      | Reached skill level 8 in Shields
  6417 | D:6      | Noticed Eustachio
  6438 | D:6      | Killed Eustachio
  6630 | D:6      | Found a radiant altar of Vehumet.
  7153 | D:5      | Found a basalt altar of Yredelemnul.
  7626 | D:5      | Killed CatHerder's ghost
  7900 | D:7      | Reached skill level 9 in Shields
  8019 | D:7      | Found a staircase to the Ecumenical Temple.
  8040 | D:7      | Found a blossoming altar of Fedhas.
  8066 | Temple   | Entered the Ecumenical Temple
  8142 | D:7      | Noticed Prince Ribbit
  8158 | D:7      | Killed Prince Ribbit
  8158 | D:7      | Reached skill level 5 in Dodging
  8779 | D:7      | Found a basalt altar of Yredelemnul.
  8977 | D:7      | HP: 4/81 [orc warrior/halberd (23)]
  8978 | D:7      | Slain by an orc warrior

Skill      XL: |  1  2  3  4  5  6  7  8  9 |
---------------+----------------------------+-----
Fighting       | 4 5 6 7 |  7.8
Armour         | 4 5 6 7 8 |  8.6
Shields        | 4 5 6 7 9 |  9.3
Axes           | 3 4 5 7 8 |  8.6
Dodging        | 1 2 3 4 5 |  5.4

Action                   |  1- 3 |  4- 6 |  7- 9 || total
-------------------------+-------+-------+-------++-------
Melee: War axe           |    94 |   130 |   415 ||   639
       Headbutt          |    20 |    18 |    99 ||   137
       Unarmed           |       |       |     1 ||     1
  Use: Scroll            |     2 |     2 |     3 ||     7
       Potion            |       |     1 |       ||     1
  Eat: Chunk             |     2 |     7 |    12 ||    21
       Fruit             |     1 |       |       ||     1
       Bread ration      |       |       |     1 ||     1
Armor: Scale mail        |    29 |       |    43 ||    72
       Chain mail        |    31 |    61 |   110 ||   202
Dodge: Dodged            |    28 |    48 |   108 ||   184
Block: Shield            |    54 |    73 |   227 ||   354
